 Dungeon Crawl Stone Soup version 0.29.1-2-gbd0b4ee654 (webtiles) character file.

Game seed: 1353105478087070703

769720 Lutefisk the Archmage (level 27, -12/193 HPs)
             Began as a Djinni Ice Elementalist on Nov 12, 2022.
             Was a High Priest of Elyvilon.
             Mangled by Gadudipu the pandemonium lord (21 damage)
             ... while paralysed by you
             ... on level 5 of the Realm of Zot on Nov 13, 2022.
             The game lasted 05:22:52 (38393 turns).

Lutefisk the Archmage (Djinni Ice Elementalist)    Turns: 38393, Time: 05:22:55

Health: -12/193    AC: 18    Str: 10    XL:     27
Gold:   4341       EV:  5    Int: 30    God:    Elyvilon [*****.] SH:  0 Dex: 16

rFire   + + .      SeeInvis .   (weapon currently unavailable)
rCold   + + .      Faith    .   (shield currently unavailable)
rNeg    + + +      Spirit   .   (body armour currently unavailable)
rPois   ∞          Reflect  .   (helmet currently unavailable)
rElec   +          Harm     .   (cloak currently unavailable)
rCorr   +          Rampage  .   (gloves currently unavailable)
Will    ++...                   (boots unavailable)
Stlth   +.........              (amulet currently unavailable)
HPRegen 0.42/turn               (ring currently unavailable)
MPRegen 0.00/turn               (ring currently unavailable)

@: paralysed, wisp-form, flying, slowed, studying Evocations
A: insubstantial, flying, no casting, sickness immunity, tiny, (fire resistance
2), (cold vulnerability 1), float, innate caster, HP casting, extra vitality 1,
(antennae 1), clever 1, (deformed body), strong 1, wild magic 1, evolution 1
0: Orb of Zot
}: 10/15 runes: decaying, slimy, silver, abyssal, demonic, glowing, magical,
fiery, dark, gossamer
a: Renounce Religion, Purification, Heal Other, Heal Self, Divine Vigour


You were on level 5 of the Realm of Zot.
You worshipped Elyvilon.
Elyvilon was extremely pleased with you.
You were an insubstantial wisp.
You visited 11 branches of the dungeon, and saw 53 of its levels.
You visited Pandemonium 2 times, and saw 16 of its levels.
You visited the Abyss 1 time.
You visited 1 bazaar.
You also visited: Gauntlet, Ice Cave and Volcano.

You collected 8524 gold pieces.
You spent 4183 gold pieces at shops.

Inventory:

Hand Weapons
 v - the +9 short sword of Circular Logic {speed, rF+ rC+ Str+3}
   (You bought it in a shop in a bazaar)

   Attacks with this weapon are significantly faster.
   Str:       It affects your strength (+3).
   rF:        It protects you from fire.
   rC:        It protects you from cold.
Missiles
 p - 4 throwing nets
 R - 10 curare-tipped darts (quivered)
Armour
 g - a +1 hat (melded)
 i - a scarf of resistance (melded)
 q - a +0 troll leather armour (melded)
 r - the +0 pair of gloves of Xifalev (melded) {rCorr}
   (You acquired it on level 3 of the Depths)

   rCorr:     It protects you from acid and corrosion.
 Q - the +3 kite shield of Least Resistance (melded) {rPois rN+ Dex+3}
   (You bought it in a shop on level 11 of the Dungeon)

   Dex:       It affects your dexterity (+3).
   rPois:     It protects you from poison.
   rN:        It protects you from negative energy.
 V - the +0 ice dragon scales "Wynukurang" {rPois rF- rC++ Regen+ Dex+4 SInv}
   (You found it in Pandemonium)

   Dex:       It affects your dexterity (+4).
   rF:        It makes you vulnerable to fire.
   rC:        It greatly protects you from cold.
   rPois:     It protects you from poison.
   SInv:      It lets you see invisible.
   Regen:     It increases your rate of health regeneration.
Magical Staves
 E - a staff of cold (melded)
Jewellery
 f - a ring of see invisible
 l - a +4 ring of protection
 n - a ring of ice (melded)
 J - the ring "Musi" {Fire rN+ Int+4 Dex+2}
   (You found it in a Gauntlet)

   [ring of fire]

   It enhances your fire magic.
   Int:       It affects your intelligence (+4).
   Dex:       It affects your dexterity (+2).
   rF:        It protects you from fire.
   rC:        It makes you vulnerable to cold.
   rN:        It protects you from negative energy.
 S - the brooch of Shielding (melded) {Spirit SH+8}
   (You found it on level 3 of the Elven Halls)

   [amulet of guardian spirit]

   It causes incoming damage to be divided between your reserves of health and
   magic.
   SH:        It affects your SH (+8).
 T - the ring "Bammi" (melded) {rF+ rN+ Will+ Int+4 Stlth-}
   (You found it on level 5 of the Pits of Slime)

   [ring of positive energy]

   Int:       It affects your intelligence (+4).
   rF:        It protects you from fire.
   rN:        It protects you from negative energy.
   Will:      It increases your willpower.
   Stlth:     It makes you less stealthy.
 Z - the ring "Omoma" {rC+ rN+++ Str-2 Int+3 Dex+6}
   (You found it in Pandemonium)

   [ring of dexterity]

   Str:       It affects your strength (-2).
   Int:       It affects your intelligence (+3).
   Dex:       It affects your dexterity (+6).
   rC:        It protects you from cold.
   rN:        It renders you almost immune to negative energy.
Wands
 d - a wand of charming (11)
 s - a wand of mindburst (8)
 u - a wand of quicksilver (41)
 D - a wand of iceblast (44)
 O - a wand of polymorph (18)
 P - a wand of flame (79)
Scrolls
 a - 4 scrolls of teleportation
 c - 10 scrolls of enchant armour
 e - 6 scrolls of vulnerability
 m - 4 scrolls of enchant weapon
 w - 7 scrolls of summoning
 y - 6 scrolls of poison
 A - 10 scrolls of fear
 C - 12 scrolls of immolation
 F - 4 scrolls of butterflies
 M - a scroll of silence
 N - a scroll of magic mapping
Potions
 b - 10 potions of mutation
 h - 10 potions of curing
 j - 7 potions of brilliance
 t - 9 potions of invisibility
 B - 7 potions of might
 G - 3 potions of berserk rage
 H - 5 potions of attraction
 K - 7 potions of lignification
 U - 5 potions of resistance
 W - a potion of haste
 X - a potion of cancellation
 Y - 5 potions of ambrosia
Miscellaneous
 k - a box of beasts
 x - a tin of tremorstones (2/2)
 I - a phial of floods
 L - a phantom mirror


   Skills:
 * Level 16.0 Fighting
 - Level 16.0 Armour
 - Level 20.0 Dodging
 - Level 1.5 Stealth
 - Level 16.0 Shields
 O Level 27 Spellcasting
 - Level 12.0 Invocations
 - Level 5.0 Evocations


You couldn't memorise any spells.
You knew the following spells:

 Your Spells              Type           Power      Damage    Failure   Level
a - Freeze                Ice            100%       1d11      1%          1
b - Frozen Ramparts       Ice            100%       1d16      1%          3
c - Ozocubu's Armour      Ice            100%       N/A       1%          3
d - Hailstorm             Conj/Ice       100%       3d20      1%          4
e - Beastly Appendage     Tmut           100%       N/A       1%          1
f - Static Discharge      Conj/Air       100%       3-16/arc  1%          2
g - Call Imp              Summ           100%       N/A       1%          2
h - Ice Form              Ice/Tmut       100%       N/A       1%          4
i - Corpse Rot            Necr/Pois/Air  100%       N/A       1%          4
j - Summon Mana Viper     Hex/Summ       100%       N/A       1%          5
k - Statue Form           Tmut/Erth      88%        N/A       1%          6
l - Summon Cactus Giant   Summ           66%        N/A       1%          6
m - Summon Hydra          Summ           66%        N/A       1%          7
n - Lehudib's Crystal Sp  Conj/Erth      66%        10d15     1%          8
o - Discord               Hex            66%        N/A       1%          8
p - Polar Vortex          Ice            66%        N/A       1%          9
q - Death's Door          Necr           66%        N/A       1%          9
Your spell library was empty.

Dungeon Overview and Level Annotations

Branches:
Dungeon (15/15)            Temple (1/1) D:4            Lair (5/5) D:10
  Swamp (4/4) Lair:3       Spider (4/4) Lair:2        Slime (5/5) Lair:5
    Orc (2/2) D:9             Elf (3/3) Orc:2        Vaults (5/5) D:13
  Crypt (0/3) Vaults:3     Depths (4/4) D:15            Zot (5/5) Depths:4
  IceCv (visited)         Volcano (visited)         Gauntlet (visited)

Altars:
Ashenzari
Cheibriados
Dithmenos
Elyvilon
Fedhas
Gozag
Hepliaklqana
Makhleb
Nemelex Xobeh
Okawaru
Qazlal
Ru
Trog
Uskayaw
Wu Jian
Xom
Yredelemnul
Zin
The Shining One
Jiyva
Lugonu

Shops:
D:4 !   D:9 ?(   D:11 [[:=*   D:12 :   Orc:2 ?[:!   Vaults:5 ???
Depths:1 *([(   Depths:4 *

Portals:
Hell: Depths:2 Depths:3 Depths:4
Abyss: Lair:5
Pandemonium: Depths:2
Ziggurat: Depths:1
Trove: Depths:4 (give 2 scrolls of acquirement)

Annotations:
Vaults:1 3 runed translucent doors, exclusion: door, Angmar's ghost, veteran DrAE
Vaults:2 Frederick
Vaults:4 Mennas
Depths:3 Mara; Margery


Innate Abilities, Weirdness & Mutations

You are an insubstantial wisp.
Your tiny insubstantial body is highly resistant to most damage types.
You are flying.
Your equipment is entirely melded.
You are incapable of wielding weapons or throwing items.
You cannot cast spells.
You are immune to sickness and miasma.
You are immune to poison.
((Your flesh is very heat resistant. (rF++)))
((You are vulnerable to cold. (rC-)))
You float through the air rather than walking.
You learn spells naturally, not from books.
Your magical power is your life essence.
You have superior vitality. (+4 MHP)
((You have a pair of small antennae on your head.))
Your mind is acute. (Int +4, Str/Dex -1)
((Armour fits poorly on your strangely shaped body.))
Your muscles are strong. (Str +4, Int/Dex -1)
Your spells are a little harder to cast, but a little more powerful.
You have hidden genetic potential.


Message History

You are engulfed in seething chaos.
You feel yourself slow down.
The quasit is engulfed in seething chaos.
Gadudipu tramples you but does no damage.
The quasit is engulfed in seething chaos.
Gadudipu tramples you!!
You are shoved backwards!
You are engulfed in seething chaos.
You revert to your normal fleshy form.
The +0 pair of gloves of Xifalev {rCorr} unmelds from your body.
Your +0 troll leather armour unmelds from your body.
You turn into an insubstantial wisp.
Your staff of cold melds into your body.
Your scarf of resistance melds into your body.
Your +1 hat melds into your body.
The +0 pair of gloves of Xifalev {rCorr} melds into your body.
The +3 kite shield of Least Resistance {rPois rN+ Dex+3} melds into your body.
Your +0 troll leather armour melds into your body.
The ring "Bammi" {rF+ rN+ Will+ Int+4 Stlth-} melds into your body.
Your ring of ice melds into your body.
The brooch of Shielding {Spirit SH+8} melds into your body.
You feel hot and cold all over. Gadudipu tramples you!!
* * * LOW HITPOINT WARNING * * *
You hold your ground!
The quasit is engulfed in seething chaos.
Gadudipu tramples you!!
* * * LOW HITPOINT WARNING * * *
You hold your ground!
The quasit is engulfed in seething chaos.
The quasit seems to slow down.
The quasit bites you but does no damage.
The quasit barely misses you.
The quasit claws you but does no damage.
Gadudipu tramples you but does no damage.
You are engulfed in seething chaos.
You shrug off the repeated paralysis!
Gadudipu tramples you!!! Elyvilon protects you from harm!
You hold your ground!
The quasit is engulfed in seething chaos.
The quasit suddenly stops moving!
The Killer Klown blinks!
Gadudipu tramples you!!
You die...

**#...<####...^.#*
#....."......#*
#......p.....#####******
#...#.............,,,,,,
#..#<#.........#********
#...#.§........#
#.....§§§§..####
#.....§&5##..#
#####.§v§###)# *********
########)########
,,,,^,^,**
#...............#
,,,,,,,,,**
*#^.....(......## *
..........##
#.............# **
...........#
##.......(...## *,
...........#
#...........# *,
...........#
##....^..^...## *,
...........#
#^............# *,


You could see Gadudipu (clouds), a Killer Klown and a quasit (agile, paralysed).

Vanquished Creatures
  the Royal Jelly (Slime:5)
  Gloorx Vloq (Pan)
  Mnoleg (Pan)
  A seraph (Pan)
  An ancient lich (Zot:5)
  An orb of fire (Zot:5)
  3 dread liches
  2 Killer Klowns (Zot:5)
  2 pandemonium lords (Pan)
  2 golden dragons
  A bone dragon (Depths:4)
  An electric golem (Zot:5)
  2 Tzitzimimeh (Pan)
  A hellephant (Abyss:3)
  5 Brimstone Fiends (Pan)
  2 Ice Fiends (Pan)
  7 tentacled monstrosities
  2 liches
  18 Orb Guardians (Zot:5)
  4 tentacled starspawn (Abyss:3)
  5 titans
  An acid blob (Slime:5)
  A deep elf master archer (Elf:3)
  Frances (Swamp:1)
  A death cob (Zot:2)
  16 Executioners (Pan)
  Gastronok (D:11)
  3 shadow dragons
  3 storm dragons
  A tengu reaver (Depths:4)
  2 azure jellies (Slime:5)
  Donald (Vaults:1)
  Agnes (Spider:4)
  A demonspawn warmonger (Pan)
  9 daevas (Pan)
  A thorn hunter (Swamp:1)
  8 rockslimes
  3 fire giants
  5 frost giants
  A draconian scorcher (Zot:2)
  2 orc warlords
  6 vault wardens
  An emperor scorpion (Spider:4)
  A deep elf sorcerer (Vaults:5)
  2 curse skulls (Pan)
  6 cacodemons (Pan)
  11 angels (Pan)
  3 draconian stormcallers (Zot:2)
  A draconian shifter (Zot:2)
  9 reapers
  12 ophanim (Pan)
  10 balrugs (Pan)
  4 draconian annihilators
  2 demonspawn blood saints (Pan)
  A quicksilver ooze (shapeshifter) (Vaults:5)
  4 demonspawn corrupters (Pan)
  5 quicksilver oozes (Slime:5)
  9 spriggan defenders
  5 stone giants
  9 apis (Pan)
  5 ironbound preservers
  8 very ugly things
  An eleionoma (Swamp:3)
  3 black draconians
  3 green draconians
  3 deep elf demonologists
  4 lorocyprocas (Pan)
  7 purple draconians
  4 demonspawn black suns (Pan)
  A vampire knight (Depths:3)
  4 spark wasps
  4 red draconians
  A deep elf annihilator (Vaults:5)
  5 yellow draconians
  A minotaur (Gauntlet)
  10 green deaths (Pan)
  Josephine (Orc:1)
  A deep elf death mage (Vaults:5)
  5 ettins
  6 blizzard demons (Pan)
  6 yaktaur captains
  5 fire dragons
  A merfolk impaler (Depths:4)
  2 deep elf high priests (Vaults:5)
  2 great orbs of eyes (Depths:2)
  6 ice dragons
  7 rakshasas
  5 hydras
  Fannar (D:11)
  2 boulder beetles (Lair:5)
  18 vault guards
  A spriggan air mage (Depths:3)
  A ghost crab (Swamp:4)
  2 hell beasts (Pan)
  3 ogre magi (Orc:2)
  A jorogumo (Spider:2)
  2 catoblepae (D:12)
  6 centaur warriors
  5 alligators
  Erica (D:11)
  3 tengu warriors
  A deep troll earth mage (Depths:4)
  4 two-headed ogres
  2 death scarabs (Gauntlet)
  A vampire mage (Depths:2)
  A deep troll shaman (Depths:4)
  2 spriggan berserkers
  28 sun demons
  Nergalle (Orc:2)
  A deep elf knight (Elf:3)
  A fire crab (Lair:5)
  9 soul eaters
  4 wretched stars (Abyss:3)
  3 shadow wraiths (Pan)
  13 sixfirhies
  A spatial maelstrom (Abyss:3)
  3 goliath frogs
  2 iron trolls (Depths:4)
  7 shadow demons (Pan)
  7 skeletal warriors
  10 cherubim (Pan)
  4 spriggan druids
  10 deep trolls
  A golden dragon zombie (D:15)
  A tengu zombie (D:15)
  A flayed ghost (D:15)
  An orb spider (Spider:4)
  6 glowing orange brains
  3 bog bodies
  2 wizards (Pan)
  4 lindwurms
  3 orc knights
  An orange crystal statue (Zot:5)
  A bunyip skeleton (Pan)
  A deep elf zephyrmancer (D:14)
  A swamp dragon (Swamp:1)
  A phantasmal warrior (Vaults:5)
  2 harpies (Vaults:1)
  A necromancer (D:15)
  A faun (shapeshifter) (Vaults:5)
  5 deep elf pyromancers
  A wolf spider (Spider:4)
  An ironbound convoker (Vaults:5)
  A sphinx skeleton (D:15)
  6 orc sorcerers
  3 cyclopes
  A salamander (Depths:4)
  11 ugly things
  A shining eye (Slime:5)
  10 elephants
  3 black mambas
  3 manticores
  2 moths of wrath
  A will-o-the-wisp (Swamp:1)
  12 smoke demons (Pan)
  2 centaur zombies (D:11)
  3 vault sentinels
  7 eyes of devastation
  3 rust devils
  10 cane toads
  11 orange demons
  Psyche (D:9)
  A dire elephant skeleton (Pan)
  2 kobold demonologists
  2 freezing wraiths (Vaults:5)
  An alligator snapping turtle skeleton (Pan)
  A komodo dragon (shapeshifter) (Lair:5)
  8 demonic crawlers (Pan)
  7 komodo dragons
  2 anaconda simulacra (IceCv)
  2 tengu conjurers
  3 rime drakes
  13 yaktaurs
  3 efreet (Pan)
  An ancient zyme (Abyss:3)
  2 red devils
  A troll (shapeshifter) (D:13)
  6 ice devils
  3 polar bears
  A queen bee (shapeshifter) (Lair:5)
  A meliai (Spider:1)
  5 hellwings
  2 trolls
  A tyrant leech (Swamp:1)
  3 tarantellas
  A raiju (Abyss:3)
  Prince Ribbit (D:5)
  7 hornets
  17 blink frogs
  A harpy skeleton (Pan)
  27 slime creatures
  An ettin zombie (D:15)
  A spectral dream sheep (Gauntlet)
  3 dream sheep
  A dire elephant simulacrum (IceCv)
  A jumping spider (Lair:2)
  A centaur simulacrum (D:14)
  5 wraiths
  9 shadows
  10 spriggans
  A water elemental (D:13)
  2 vampires
  A culicivora (Spider:3)
  3 wyverns
  11 ynoxinuls
  7 fire bats (Lair:4)
  4 golden eyes
  40 yaks
  7 vampire mosquitoes
  6 chaos spawn (Pan)
  18 large abominations
  A steam dragon (D:9)
  2 death yak simulacra
  3 redbacks
  8 neqoxecs
  Menkaure (D:5)
  A harpy simulacrum (IceCv)
  An acid dragon (D:10)
  10 water moccasins
  9 swamp worms
  4 nameless horrors
  A floating eye (Pan)
  2 hell hounds (Volcano)
  4 black bears
  3 ice beasts
  4 orc warriors
  2 swamp drakes
  A sky beast (D:6)
  5 small abominations (Lair:5)
  9 wolves
  5 ogres
  4 centaurs
  2 phantoms (D:6)
  21 kobold brigands
  A necrophage (D:5)
  11 bullfrogs
  A gnoll sergeant (D:9)
  A two-headed ogre simulacrum (IceCv)
  4 scorpions
  4 cane toad simulacra
  8 wights (D:7)
  20 killer bees
  An elephant simulacrum (IceCv)
  An electric eel (Lair:4)
  A howler monkey (D:10)
  7 starcursed masses (Abyss:3)
  A hound (D:6)
  7 jellies
  3 gnoll boudas (D:9)
  6 orc priests
  An iron imp (Abyss:3)
  Jessica (D:3)
  A boggart zombie (D:11)
  2 iguanas
  27 orc wizards
  3 spriggan simulacra
  2 troll simulacra (IceCv)
  A wolf simulacrum (D:13)
  16 gnolls (D:9)
  A naga simulacrum (IceCv)
  3 adders (D:3)
  2 shadow imps
  8 white imps
  2 ufetubi (IceCv)
  A worm (shapeshifter) (Vaults:5)
  4 dart slugs
  38 orcs
  6 bats
  9 endoplasms
  16 giant cockroaches
  3 goblins
  8 hobgoblins
  9 jackals
  2 quokkas
  5 ball pythons
  2 frilled lizards
  19 kobolds
  3 rats
  A butterfly (D:5)
  7 fire vortices (Pan)
  5 starspawn tentacles (Abyss:3)
1272 creatures vanquished.

Vanquished Creatures (collateral kills)
  4 ancient liches (Vaults:5)
  A juggernaut (Depths:4)
  Boris (Vaults:5)
  A curse toe (Zot:5)
  A golden dragon (Zot:2)
  A bone dragon (Depths:4)
  Jorgrun (D:15)
  A lich (Vaults:5)
  Mlioglotl (Spider:3)
  7 tentacled monstrosities
  4 Orb Guardians (Zot:5)
  9 acid blobs
  A walking divine tome (Depths:2)
  2 deep elf master archers (Elf:3)
  4 sphinxes
  2 Executioners (Pan)
  A thorn hunter (Swamp:4)
  A tengu reaver (Vaults:5)
  2 storm dragons (Vaults:5)
  3 rockslimes
  5 azure jellies
  A fenstrider witch (Swamp:4)
  A daeva (Pan)
  2 fire giants
  An orc warlord (Vaults:4)
  6 deep elf sorcerers (Elf:3)
  7 emperor scorpions
  A demonspawn warmonger (Pan)
  An iron dragon (Vaults:5)
  10 vault wardens
  2 draconian scorchers (Zot:2)
  2 angels (Pan)
  2 deep elf elementalists (Elf:3)
  5 cacodemons (Pan)
  5 ghost moths
  7 ironbound preservers
  Aizul (Spider:4)
  2 broodmothers
  A demonspawn blood saint (Pan)
  A spriggan defender (Depths:2)
  A stone giant (Vaults:5)
  2 quicksilver oozes (Slime:5)
  2 war gargoyles
  10 very ugly things
  5 ironbound thunderhulks
  A draconian shifter (Depths:4)
  A green draconian (Zot:2)
  3 apis (Pan)
  3 deep elf demonologists (Elf:3)
  45 slime creatures
  3 eleionomae (Swamp:2)
  2 entropy weavers (Spider:3)
  A white draconian (Depths:4)
  A purple draconian (Zot:2)
  3 yellow draconians (Zot:2)
  A red draconian (Zot:2)
  4 spark wasps
  7 deep elf annihilators
  6 lorocyprocas (Pan)
  3 black draconians
  6 deep elf death magi (Elf:3)
  3 blizzard demons (Pan)
  2 crystal guardians
  7 yaktaur captains
  4 ettins
  A green death (Pan)
  2 shambling mangroves (Swamp:4)
  An ice dragon (Depths:2)
  3 great orbs of eyes
  5 deep elf high priests
  2 rakshasas
  13 hydras
  11 vault guards
  3 spriggan air magi
  A juggernaut simulacrum (Pan)
  4 boulder beetles
  5 alligators
  3 peacekeepers
  A radroach (Spider:4)
  2 ogre magi
  5 centaur warriors
  An ironbound frostheart (Vaults:2)
  4 two-headed ogres
  6 deep troll shamans (Depths:4)
  2 dancing weapons (Elf:3)
  A vampire mage (Vaults:3)
  A deep troll earth mage (Vaults:5)
  2 spriggan berserkers (Swamp:4)
  3 deep elf knights
  A wretched star (Abyss:3)
  4 iron trolls
  4 soul eaters (Pan)
  3 thrashing horrors
  A fire crab (shapeshifter) (Vaults:5)
  3 sun demons (Pan)
  4 shadow wraiths (Pan)
  7 sixfirhies
  A skeletal warrior (D:15)
  3 steelbarb worms (Spider:4)
  5 orb spiders
  2 pharaoh ants
  2 spriggan druids
  19 deep trolls
  A cherub (Pan)
  6 swamp dragons
  7 bog bodies
  3 goliath frogs
  A spectral hydra (Gauntlet)
  13 deep elf zephyrmancers
  2 wizards
  A glowing orange brain (Depths:1)
  9 ironbound convokers
  8 deep elf pyromancers
  3 orc sorcerers
  An anaconda skeleton (Pan)
  2 lindwurms
  3 harpies (Vaults:1)
  6 orc knights
  9 deep elf archers
  2 phantasmal warriors
  2 necromancers
  7 ugly things
  5 wolf spiders
  A cyclops (Orc:1)
  4 nameless horrors
  A black mamba (Lair:5)
  2 centaur zombies (D:11)
  7 moths of wrath
  4 will-o-the-wisps
  8 shining eyes
  8 vault sentinels
  A rust devil (Pan)
  2 ice statues (IceCv)
  A cane toad (Lair:5)
  4 smoke demons
  8 large abominations
  2 orange demons (Pan)
  2 eyes of devastation
  A centaur skeleton (Pan)
  A demonic crawler (Spider:3)
  A rime drake (Lair:3)
  20 yaktaurs
  4 ice devils
  2 komodo dragons
  4 hellwings (Pan)
  3 trolls
  3 ancient zymes
  2 meliai (Spider:1)
  3 tyrant leeches
  18 tarantellas
  4 hornets
  8 blink frogs (Lair:5)
  7 dream sheep
  A raiju (Abyss:3)
  10 jumping spiders
  2 ynoxinuls (Pan)
  An ettin skeleton (Vaults:3)
  2 air elementals (Elf:3)
  13 culicivoras
  6 spriggans
  3 wraiths
  3 vampires
  A water elemental (D:13)
  2 fire elementals
  7 yaks
  2 basilisks
  6 neqoxecs (Pan)
  2 vampire mosquitoes
  7 chaos spawn
  12 golden eyes
  21 redbacks
  A death yak simulacrum (D:13)
  2 wargs (Orc:1)
  11 swamp worms
  A swamp worm (shapeshifter) (Vaults:5)
  An acid dragon (D:11)
  A water moccasin (Lair:3)
  A floating eye (Pan)
  A hydra simulacrum (IceCv)
  4 orc warriors
  10 swamp drakes
  4 ogres
  3 wolves (Lair:4)
  A two-headed ogre simulacrum (IceCv)
  3 small abominations (Lair:5)
  An earth elemental (Elf:3)
  2 orc priests
  A jelly (Lair:5)
  4 orc wizards (Orc:2)
  A polar bear simulacrum (IceCv)
  A troll simulacrum (D:13)
  7 orcs
767 creatures vanquished.

Vanquished Creatures (others)
  A lich (Pan)
  2 eldritch tentacles (Pan)
  A very ugly thing (Depths:4)
  2 green draconians
  A deep elf annihilator (Elf:3)
  A yaktaur captain (Vaults:5)
  A green death (Pan)
  An ice dragon (Depths:4)
  3 vault guards (Vaults:5)
  A deep troll shaman (Depths:4)
  A sun demon (Pan)
  2 deep trolls
  An iron troll (Depths:4)
  4 wizards
  An orc knight (Vaults:3)
  An ironbound convoker (Vaults:5)
  A deep elf pyromancer (Elf:3)
  A wolf spider (Spider:4)
  A nameless horror (Elf:3)
  A yaktaur (Vaults:5)
  2 bloated husks
  A hornet (Swamp:4)
  2 vampire mosquitoes (Swamp:1)
  A kobold brigand (D:12)
  An electric eel (D:11)
  2 orc wizards (Orc:2)
  A white imp (IceCv)
  17 ball lightnings (Pan)
  12 demonic plants (Gauntlet)
  35 foxfires
  30 fungi
  53 plants
  11 starspawn tentacles
  8 withered plants
204 creatures vanquished.

Grand Total: 2243 creatures vanquished

Notes
Turn   | Place    | Note
-------+----------+-------------------------------------------
     0 | D:1      | Lutefisk the Djinni Ice Elementalist began the quest for
                  | the Orb.
     0 | D:1      | Lutefisk set off with the following spells memorised:
                  | Freeze, Frozen Ramparts, Ozocubu's Armour, Hailstorm.
     0 | D:1      | Reached XP level 1. HP: 15/15 MP: 0/0
   181 | D:1      | Reached skill level 1 in Fighting
   294 | D:1      | Reached XP level 2. HP: 18/22 MP: 0/0
   628 | D:2      | Reached XP level 3. HP: 19/29 MP: 0/0
   628 | D:2      | Learned a level 1 spell: Beastly Appendage
   679 | D:2      | Found a faded altar of an unknown god.
  1285 | D:3      | Reached XP level 4. HP: 26/37 MP: 0/0
  1290 | D:3      | Reached XP level 5. HP: 24/41 MP: 0/0
  1290 | D:3      | Learned a level 2 spell: Static Discharge
  1361 | D:3      | Noticed Jessica
  1372 | D:3      | Killed Jessica
  1373 | D:3      | Reached skill level 4 in Spellcasting
  1531 | D:3      | Reached XP level 6. HP: 24/47 MP: 0/0
  1692 | D:4      | Noticed a black bear
  1737 | D:4      | Found Dimuoqit's Distillery.
  1740 | D:4      | Bought a potion of haste for 130 gold pieces
  1740 | D:4      | Bought a potion of curing for 39 gold pieces
  2086 | D:4      | Reached skill level 5 in Fighting
  2173 | D:4      | Reached skill level 1 in Armour
  2240 | D:4      | Reached XP level 7. HP: 32/54 MP: 0/0
  2240 | D:4      | Learned a level 2 spell: Call Imp
  2424 | D:4      | Found a staircase to the Ecumenical Temple.
  2436 | Temple   | Entered the Ecumenical Temple
  2441 | Temple   | Became a worshipper of Elyvilon the Healer
  2502 | D:4      | Found a sparkling altar of Nemelex Xobeh.
  2525 | D:5      | Entered Level 5 of the Dungeon
  2582 | D:5      | Noticed Prince Ribbit
  2593 | D:5      | Killed Prince Ribbit
  2594 | D:5      | Reached skill level 5 in Spellcasting
  2594 | D:5      | Reached XP level 8. HP: 21/60 MP: 0/0
  3042 | D:5      | Reached skill level 1 in Invocations
  3351 | D:5      | Reached * piety under Elyvilon
  3351 | D:5      | Noticed a wyvern
  3357 | D:5      | Killed a wyvern
  3367 | D:5      | Found a shimmering altar of Xom.
  3446 | D:5      | Noticed Menkaure
  3451 | D:5      | Killed Menkaure
  3605 | D:6      | Reached skill level 1 in Evocations
  3629 | D:6      | Reached XP level 9. HP: 32/66 MP: 0/0
  3629 | D:6      | Learned a level 4 spell: Ice Form
  3660 | D:6      | Found a snail-covered altar of Cheibriados.
  3666 | D:6      | Found an opulent altar of Gozag.
  3668 | D:6      | Found a sacrificial altar of Ru.
  3670 | D:6      | Found a glowing golden altar of the Shining One.
  3674 | D:6      | Found a blossoming altar of Fedhas.
  4201 | D:6      | Reached ** piety under Elyvilon
  4768 | D:7      | Reached skill level 6 in Spellcasting
  5712 | D:8      | Reached *** piety under Elyvilon
  5854 | D:8      | Reached skill level 5 in Dodging
  5878 | D:8      | Found a burning altar of Makhleb.
  5883 | D:8      | Found a glowing silver altar of Zin.
  5883 | D:8      | Noticed an angel
  5883 | D:8      | Noticed a blizzard demon
  5905 | D:8      | Reached XP level 10. HP: 50/75 MP: 0/0
  6089 | D:8      | Reached skill level 7 in Spellcasting
  6477 | D:9      | Reached skill level 5 in Invocations
  6477 | D:9      | Reached skill level 5 in Evocations
  6495 | D:9      | Noticed Psyche
  6502 | D:9      | Killed Psyche
  6850 | D:9      | Reached **** piety under Elyvilon
  6853 | D:9      | Found a staircase to the Orcish Mines.
  6938 | D:9      | Found Ibicwoq's Weapon Shoppe.
  7273 | D:9      | Reached skill level 8 in Spellcasting
  7355 | D:9      | Noticed a two-headed ogre
  7362 | D:9      | Killed a two-headed ogre
  7363 | D:9      | Reached XP level 11. HP: 52/81 MP: 0/0
  7363 | D:9      | Learned a level 4 spell: Corpse Rot
  7449 | D:9      | Found Venes's Magic Scroll Boutique.
  7460 | D:10     | Entered Level 10 of the Dungeon
  7510 | D:10     | Reached skill level 5 in Armour
  7510 | D:10     | Reached skill level 1 in Shields
  7715 | D:10     | Reached skill level 5 in Shields
  7831 | D:10     | Noticed a two-headed ogre
  7840 | D:10     | Killed a two-headed ogre
  8205 | D:10     | Found a shadowy altar of Dithmenos.
  8293 | D:10     | Found a staircase to the Lair.
  8437 | Lair:1   | Entered Level 1 of the Lair of Beasts
  8450 | Lair:1   | Reached XP level 12. HP: 61/89 MP: 0/0
  8561 | Lair:1   | Reached skill level 9 in Spellcasting
  8906 | Lair:2   | Found a hole to the Spider Nest.
  9070 | Lair:2   | Reached ***** piety under Elyvilon
  9115 | Lair:2   | Noticed a five-headed hydra
  9320 | Lair:3   | Reached XP level 13. HP: 44/94 MP: 0/0
  9320 | Lair:3   | Learned a level 5 spell: Summon Mana Viper
  9434 | Lair:3   | Noticed a six-headed hydra
  9447 | Lair:3   | Killed a six-headed hydra
  9505 | Lair:3   | Reached skill level 10 in Spellcasting
  9517 | Lair:3   | Found a staircase to the Swamp.
  9577 | Lair:3   | Noticed a five-headed hydra
  9584 | Lair:3   | Killed a five-headed hydra
  9612 | Lair:3   | Reached skill level 10 in Fighting
 10465 | Lair:5   | Entered Level 5 of the Lair of Beasts
 10465 | Lair:5   | Noticed a five-headed hydra
 10477 | Lair:5   | Killed a five-headed hydra
 10503 | Lair:5   | Found a staircase to the Slime Pits.
 10503 | Lair:5   | Found a viscous altar of Jiyva.
 10764 | Lair:5   | Reached XP level 14. HP: 40/103 MP: 0/0
 10834 | Lair:5   | Reached skill level 11 in Spellcasting
 10911 | Lair:5   | Reached skill level 10 in Dodging
 11000 | Lair:5   | Found a dark tunnel.
 11006 | Volcano  | Entered a volcano
 12128 | Lair:5   | Found a corrupted altar of Lugonu.
 12128 | Lair:5   | Found a one-way gate to the infinite horrors of the Abyss.
 12312 | D:11     | Found Casi's Assorted Antiques.
 12385 | D:11     | Found Sickam's Armour Shop.
 12388 | D:11     | Found Raunastro's Antique Armour Shoppe.
 12388 | D:11     | Found Voqaeqi's Book Emporium.
 12388 | D:11     | Noticed Fannar
 12393 | D:11     | Found Joevefol's Jewellery Shop.
 12405 | D:11     | Killed Fannar
 12411 | D:11     | Bought a smoking kite shield for 285 gold pieces
 12411 | D:11     | Identified the +3 kite shield of Least Resistance {rPois
                  | rN+ Dex+3} (You bought it in a shop on level 11 of the
                  | Dungeon)
 12487 | D:11     | Noticed Erica
 12508 | D:11     | Killed Erica
 12509 | D:11     | Reached skill level 10 in Armour
 12509 | D:11     | Reached skill level 10 in Shields
 12509 | D:11     | Reached XP level 15. HP: 58/110 MP: 0/0
 12509 | D:11     | Learned a level 6 spell: Statue Form
 12569 | D:11     | Noticed Gastronok
 12596 | D:11     | Killed Gastronok
 12746 | D:12     | Found Borr's Book Shoppe.
 12957 | Orc:1    | Entered Level 1 of the Orcish Mines
 13109 | Orc:1    | You are sucked into a shaft and drop 1 floor!
 13109 | Orc:2    | Entered Level 2 of the Orcish Mines
 13232 | Orc:2    | Found a staircase to the Elven Halls.
 13235 | Orc:2    | Found a gate leading to a gauntlet.
 13253 | Gauntlet | Entered a Gauntlet
 13253 | Gauntlet | Found a transporter.
 13262 | Gauntlet | Found a transporter.
 13317 | Gauntlet | Found a transporter.
 13322 | Gauntlet | Found a transporter.
 13339 | Gauntlet | Found a transporter.
 13356 | Gauntlet | Found a transporter.
 13368 | Gauntlet | Found a transporter.
 13380 | Gauntlet | Found a transporter.
 13392 | Gauntlet | Found a transporter.
 13404 | Gauntlet | Found a transporter.
 13407 | Gauntlet | Noticed a cacodemon
 13421 | Gauntlet | Found a transporter.
 13438 | Gauntlet | Found a transporter.
 13440 | Gauntlet | Found a transporter.
 13471 | Gauntlet | Found a transporter.
 13481 | Gauntlet | Found a transporter.
 13482 | Gauntlet | Found a transporter.
 13485 | Gauntlet | Found a transporter.
 13491 | Gauntlet | Found a transporter.
 13571 | Gauntlet | Identified the ring "Musi" {Fire rN+ Int+4 Dex+2}
 13787 | Orc:2    | Reached skill level 12 in Spellcasting
 13796 | Orc:2    | Paralysed by something for 2 turns
 13823 | Orc:2    | Found Qeciyph's Book Emporium.
 13856 | Orc:2    | Noticed Nergalle
 13865 | Orc:2    | Killed Nergalle
 13896 | Orc:2    | Found Rahu's Antique Armour Shoppe.
 13904 | Orc:2    | Found Ybayn's Magic Scroll Shoppe.
 13912 | Orc:2    | Bought a scroll of fear for 68 gold pieces
 13932 | Orc:2    | Bought a scroll of acquirement for 884 gold pieces
 13932 | Orc:2    | Acquired a manual of Dodging
 13934 | Orc:2    | Acquired a manual of Spellcasting
 13972 | Orc:2    | Found Allat's Distillery.
 13981 | Orc:2    | Bought a potion of resistance for 110 gold pieces
 14144 | Orc:1    | Noticed Josephine
 14152 | Orc:1    | Killed Josephine
 14535 | D:12     | Reached ****** piety under Elyvilon
 14917 | D:13     | Found a frozen archway.
 14923 | D:13     | Reached skill level 13 in Spellcasting
 14944 | IceCv    | Entered an ice cave
 15164 | IceCv    | Noticed a reaper
 15183 | IceCv    | Killed a reaper
 15185 | IceCv    | Reached XP level 16. HP: 47/118 MP: 0/0
 15402 | D:13     | Reached skill level 14 in Spellcasting
 15719 | D:13     | Found a gate to the Vaults.
 15885 | D:14     | Reached skill level 15 in Spellcasting
 15973 | D:15     | Entered Level 15 of the Dungeon
 15977 | D:15     | Noticed Jorgrun
 15986 | D:15     | Killed Jorgrun
 16103 | D:15     | Found a staircase to the Depths.
 16478 | Swamp:1  | Entered Level 1 of the Swamp
 16512 | Swamp:1  | Reached skill level 15 in Dodging
 16628 | Swamp:1  | Noticed Frances
 16645 | Swamp:1  | Noticed a thorn hunter
 16656 | Swamp:1  | Killed a thorn hunter
 16760 | Swamp:1  | Killed Frances
 16797 | Swamp:2  | Reached XP level 17. HP: 70/123 MP: 0/0
 16797 | Swamp:2  | Learned a level 6 spell: Summon Cactus Giant
 17233 | Swamp:4  | Entered Level 4 of the Swamp
 17242 | Swamp:4  | Paralysed by a fenstrider witch for 4 turns
 17251 | Swamp:4  | Paralysed by a fenstrider witch for 4 turns
 17599 | Swamp:4  | Reached skill level 16 in Spellcasting
 17599 | Swamp:4  | Reached XP level 18. HP: 74/130 MP: 0/0
 17600 | Swamp:4  | Reached XP level 19. HP: 79/135 MP: 0/0
 17600 | Swamp:4  | Learned a level 7 spell: Summon Hydra
 17643 | Swamp:4  | Got a decaying rune of Zot
 17801 | Spider:1 | Entered Level 1 of the Spider Nest
 17995 | Spider:1 | Reached XP level 20. HP: 105/141 MP: 0/0
 18075 | Spider:2 | Acquired 946 gold pieces
 18198 | Spider:4 | Entered Level 4 of the Spider Nest
 18205 | Spider:4 | Noticed Mlioglotl
 18208 | Spider:4 | Noticed Agnes
 18219 | Spider:4 | Killed Agnes
 18311 | Spider:3 | Killed Mlioglotl
 18539 | Spider:4 | Noticed Aizul
 18545 | Spider:4 | Killed Aizul
 18680 | Spider:4 | Got a gossamer rune of Zot
 18792 | Spider:2 | Reached skill level 15 in Fighting
 19057 | Slime:1  | Entered Level 1 of the Pits of Slime
 19266 | Elf:1    | Entered Level 1 of the Elven Halls
 19289 | Elf:3    | Entered Level 3 of the Elven Halls
 19846 | Elf:3    | Reached XP level 21. HP: 71/155 MP: 0/0
 19846 | Elf:3    | Learned a level 8 spell: Lehudib's Crystal Spear
 20039 | Elf:3    | Paralysed by an air elemental for 1 turns
 20274 | Elf:3    | Identified the +1 arbalest of Wyrd {penet, *Slow rN+++
                  | Str+5 Dex-5}
 20291 | Elf:3    | Identified the +2 leather armour of Peek-a-Boo {Harm rF+
                  | Will-}
 20303 | Elf:3    | Identified the +3 leather armour "Ixur" {+Blink rC+ Will+}
 20304 | Elf:3    | Identified the +3 chain mail of Jaleubb {Int+2}
 20331 | Elf:3    | Found the brooch of Shielding {Spirit SH+8}
 20335 | Elf:3    | Paralysed by an air elemental for 1 turns
 20406 | Elf:3    | Identified the ring of Creativity {rN+ Str+2}
 20422 | Elf:3    | Identified the +5 ring mail "Pajamu" {rN+}
 20893 | Vaults:1 | Entered Level 1 of the Vaults
 20935 | Vaults:1 | Noticed Donald
 20948 | Vaults:1 | Killed Donald
 21104 | Vaults:2 | Noticed Frederick
 21664 | Vaults:1 | Found a runed translucent gate.
 21664 | Vaults:1 | Found a runed translucent gate.
 21665 | Vaults:1 | Found a runed translucent gate.
 21732 | Vaults:1 | Found a runed translucent gate.
 21732 | Vaults:1 | Found a runed translucent gate.
 21739 | Vaults:1 | Found a runed translucent gate.
 21739 | Vaults:1 | Noticed Angmar's ghost (veteran DrAE)
 22031 | Vaults:3 | Reached XP level 22. HP: 145/161 MP: 0/0
 22224 | Vaults:3 | Found a flickering gateway to a bazaar.
 22233 | Bazaar   | Entered a bazaar
 22233 | Bazaar   | Found Jyqil's Magic Scroll Emporium.
 22234 | Bazaar   | Found Cehanobb's Weapon Boutique.
 22239 | Bazaar   | Bought a scroll of teleportation for 36 gold pieces
 22267 | Bazaar   | Found Hihiuhy's Antique Weapon Shop.
 22269 | Bazaar   | Found Eblun's Antique Weapon Boutique.
 22280 | Bazaar   | Found Epupufro's Antique Armour Emporium.
 22297 | Bazaar   | Bought an iridescent short sword for 128 gold pieces
 22297 | Bazaar   | Identified the +9 short sword of Circular Logic {speed, rF+
                  | rC+ Str+3} (You bought it in a shop in a bazaar)
 22319 | Bazaar   | Bought a scroll of magic mapping for 90 gold pieces
 22357 | Vaults:3 | Reached skill level 15 in Shields
 22368 | Vaults:3 | Reached skill level 15 in Armour
 22427 | Vaults:3 | Found a staircase to the Crypt.
 22435 | Vaults:3 | Was placed under penance by Elyvilon
 22757 | Vaults:4 | Noticed Mennas
 23055 | Vaults:4 | Was forgiven by Elyvilon
 23179 | Vaults:5 | Entered Level 5 of the Vaults
 23198 | Vaults:4 | Reached skill level 17 in Spellcasting
 23250 | Vaults:5 | Noticed an ancient lich
 23250 | Vaults:5 | Noticed Boris
 23540 | Depths:1 | Entered Level 1 of the Depths
 23635 | Depths:1 | Found a one-way gateway to a ziggurat.
 23896 | Depths:1 | Found a broken altar of Ashenzari.
 23979 | Depths:2 | Reached XP level 23. HP: 166/166 MP: 0/0
 23979 | Depths:2 | Learned a level 8 spell: Discord
 23992 | Depths:2 | Found a one-way gate leading to the halls of Pandemonium.
 24100 | Depths:2 | Found a gateway to Hell.
 24272 | Depths:2 | Found an iron altar of Okawaru.
 24322 | Depths:2 | Reached skill level 18 in Spellcasting
 25078 | Depths:3 | Acquired the +0 pair of gloves of Xifalev {rCorr}
 25768 | Slime:4  | Reached skill level 19 in Spellcasting
 25783 | Slime:5  | Entered Level 5 of the Pits of Slime
 25958 | Slime:5  | Noticed the Royal Jelly
 26179 | Slime:5  | Found a viscous altar of Jiyva.
 26406 | Slime:5  | Killed the Royal Jelly
 26407 | Slime:5  | Reached XP level 24. HP: 157/173 MP: 0/0
 26428 | Slime:5  | Gained mutation: You are weak. (Str -2) [a shining eye]
 26442 | Slime:5  | Got a slimy rune of Zot
 26512 | Slime:5  | Acquired a manual of Evocations
 26516 | Slime:5  | Identified the +1 leather armour "Puqas" {Int+7 Stlth-}
 26520 | Slime:5  | Identified the ring "Bammi" {rF+ rN+ Will+ Int+4 Stlth-}
 27224 | Vaults:5 | Noticed an ancient lich
 27226 | Vaults:5 | Identified the ring of Zoghofan {rN++ Str-4 SInv}
 27226 | Vaults:5 | Killed an ancient lich
 27227 | Vaults:5 | Reached skill level 20 in Spellcasting
 27228 | Vaults:5 | Killed an ancient lich
 27229 | Vaults:5 | Killed Boris
 27231 | Vaults:5 | Found Dejan's Magic Scroll Boutique.
 27232 | Vaults:5 | Noticed an ancient lich
 27241 | Vaults:5 | Killed an ancient lich
 27383 | Vaults:5 | Bought a scroll of blinking for 150 gold pieces
 27383 | Vaults:5 | Bought a scroll of summoning for 190 gold pieces
 27383 | Vaults:5 | Bought a scroll of enchant armour for 150 gold pieces
 27421 | Vaults:5 | Identified the +1 rapier "Qaczan" {drain, Fragile Fly Will-
                  | Dex+8}
 27785 | Vaults:5 | Found Ypunef's Magic Scroll Shoppe.
 27786 | Vaults:5 | Identified the amulet of Sin {RegenMP Rampage Stlth+}
 27794 | Vaults:5 | Bought a scroll of enchant armour for 135 gold pieces
 27817 | Vaults:5 | Found Qeucaq's Magic Scroll Shoppe.
 27821 | Vaults:5 | Bought a scroll of blinking for 82 gold pieces
 27821 | Vaults:5 | Bought a scroll of acquirement for 572 gold pieces
 27821 | Vaults:5 | Bought a scroll of enchant armour for 82 gold pieces
 27821 | Vaults:5 | Bought a scroll of enchant armour for 82 gold pieces
 27821 | Vaults:5 | Bought a scroll of butterflies for 44 gold pieces
 27821 | Vaults:5 | Acquired 838 gold pieces
 27928 | Vaults:5 | Noticed a dread lich
 27940 | Vaults:5 | Killed a dread lich
 28009 | Vaults:5 | Noticed an ancient lich
 28012 | Vaults:5 | Elyvilon protects you from harm!
 28072 | Vaults:5 | Reached XP level 25. HP: 100/178 MP: 0/0
 28072 | Vaults:5 | Learned a level 9 spell: Polar Vortex
 28091 | Vaults:5 | Identified the +6 plate armour of the Blind Marksman {rN+
                  | SInv}
 28147 | Vaults:5 | Identified the -2 pair of boots "Itoit" {Rampage *Slow
                  | Will+}
 28346 | Vaults:5 | Killed an ancient lich
 28354 | Vaults:5 | Got a silver rune of Zot
 28760 | Depths:3 | Noticed Mara
 28790 | Depths:3 | Noticed Lutefisk's illusion
 28861 | Depths:4 | Entered Level 4 of the Depths
 28990 | Depths:4 | Noticed a juggernaut
 29000 | Depths:4 | Killed a juggernaut
 29259 | Depths:3 | Noticed Margery
 29460 | Depths:4 | Found a gate to the Realm of Zot.
 29512 | Depths:4 | Reached skill level 21 in Spellcasting
 29659 | Depths:4 | Found a portal to a secret trove of treasure.
 29687 | Depths:4 | Found Unuhooj's General Store.
 29695 | Depths:4 | Bought a scroll of fear for 80 gold pieces
 29695 | Depths:4 | Bought a potion of resistance for 200 gold pieces
 29857 | Depths:2 | Found a blossoming altar of Fedhas.
 29888 | Depths:1 | Found a hide-covered altar of Uskayaw.
 29903 | Depths:1 | Found Myxtiewe's Armour Shop.
 29903 | Depths:1 | Found Puasusos's Antique Weapon Boutique.
 29904 | Depths:1 | Found Cuxeitut's Antique Weapon Shop.
 29915 | Depths:1 | Found Ischooque's Assorted Antiques.
 29921 | Depths:1 | Bought a potion of mutation for 272 gold pieces
 29921 | Depths:1 | Bought a potion of attraction for 102 gold pieces
 29921 | Depths:1 | Bought a potion of invisibility for 272 gold pieces
 30277 | Lair:5   | Voluntarily entered the Abyss.
 30306 | Abyss:3  | Paralysed by accursed screaming for 1 turns
 30309 | Abyss:3  | Paralysed by accursed screaming for 1 turns
 30311 | Abyss:3  | Paralysed by accursed screaming for 1 turns
 30341 | Abyss:3  | Got an abyssal rune of Zot
 30520 | Lair:5   | Escaped the Abyss
 30864 | Pan      | Entered Pandemonium
 30870 | Pan      | Gained mutation: Your flesh is almost immune to the effects
                  | of heat. (rF+++) [a cacodemon]
 31037 | Pan      | Found a runed translucent door.
 31042 | Pan      | Found a runed translucent door.
 31045 | Pan      | Found a runed translucent door.
 31047 | Pan      | Noticed Voalack the pandemonium lord
 31056 | Pan      | Reached XP level 26. HP: 125/184 MP: 0/0
 31058 | Pan      | Killed Voalack the pandemonium lord
 31064 | Pan      | Found a runed translucent door.
 31130 | Pan      | Reached skill level 22 in Spellcasting
 31568 | Pan      | Identified the +2 buckler "Cucink" {rElec Dex-2 Stlth+}
 32028 | Pan      | Identified the +11 dire flail of the Jumping Oracle
                  | {protect, Int+3}
 32028 | Pan      | Noticed a seraph
 32036 | Pan      | Killed a seraph
 32044 | Pan      | Identified the +0 ice dragon scales "Wynukurang" {rPois rF-
                  | rC++ Regen+ Dex+4 SInv}
 32099 | Pan      | Found a glowing golden altar of the Shining One.
 32105 | Pan      | Identified the ring "Uliapn" {rPois Str+3 Dex+4}
 32106 | Pan      | Identified the amulet of Ledible {Faith Dex+6}
 32108 | Pan      | Got a demonic rune of Zot
 32110 | Pan      | Identified the amulet of the Will of the Gods {Spirit Harm}
 32509 | Pan      | Found a white marble altar of Elyvilon.
 33077 | Depths:2 | Escaped Pandemonium
 33079 | Pan      | Entered Pandemonium
 33128 | Pan      | Reached skill level 23 in Spellcasting
 33434 | Pan      | Found an exit through the horrors of the Abyss.
 33479 | Pan      | Entered the realm of Gloorx Vloq.
 33774 | Pan      | Noticed Gloorx Vloq
 33789 | Pan      | Killed Gloorx Vloq
 33790 | Pan      | Reached XP level 27. HP: 41/190 MP: 0/0
 33790 | Pan      | Learned a level 9 spell: Death's Door
 33827 | Pan      | Got a dark rune of Zot
 34225 | Pan      | Entered the realm of Lom Lobon.
 34275 | Pan      | Reached skill level 24 in Spellcasting
 34452 | Pan      | Noticed Lom Lobon
 34856 | Pan      | Got a magical rune of Zot
 34940 | Pan      | Gained mutation: You sometimes lose your temper in combat.
                  | [a neqoxec]
 35238 | Pan      | Found an exit through the horrors of the Abyss.
 35323 | Pan      | Identified the +7 chain mail of Decompression {rF+ rN++}
 35325 | Pan      | Entered the realm of Mnoleg.
 35328 | Pan      | Gained mutation: You have a somewhat thin skeletal
                  | structure. (Dex +2, Stealth+) [a cacodemon]
 35418 | Pan      | Gained mutation: You occasionally lose the ability to drink
                  | potions when taking damage. [a cacodemon]
 35477 | Pan      | Noticed Mnoleg
 35493 | Pan      | Gained mutation: You are clumsy. (Dex -2) [Mnoleg's
                  | mutagenic touch]
 35496 | Pan      | Killed Mnoleg
 35584 | Pan      | Identified the ring "Alaski" {rC+ Int+3}
 35627 | Pan      | Got a glowing rune of Zot
 35680 | Pan      | Entered the realm of Cerebov.
 35822 | Pan      | Identified the ring "Omoma" {rC+ rN+++ Str-2 Int+3 Dex+6}
 35855 | Pan      | Identified the ring of Zefyaci {Int+6 Stlth+}
 35884 | Pan      | Identified the +4 chain mail of Defence {rElec Int+6}
 35900 | Pan      | Identified the +6 chain mail of Huinu {Rampage rElec rF++
                  | Dex-4}
 35929 | Pan      | Found the +6 sword of Cerebov {flame}
 35929 | Pan      | Noticed Cerebov
 36237 | Pan      | Reached skill level 25 in Spellcasting
 36260 | Pan      | Got a fiery rune of Zot
 36269 | Pan      | Lost mutation: You have a somewhat thin skeletal structure.
                  | (Dex +2, Stealth+) [potion of mutation]
 36269 | Pan      | Lost mutation: You are clumsy. (Dex -2) [potion of
                  | mutation]
 36269 | Pan      | Lost mutation: You sometimes lose your temper in combat.
                  | [potion of mutation]
 36269 | Pan      | Gained mutation: You have hidden genetic defects. [potion
                  | of mutation]
 36270 | Pan      | Lost mutation: You occasionally lose the ability to drink
                  | potions when taking damage. [potion of mutation]
 36270 | Pan      | Lost mutation: You are weak. (Str -2) [potion of mutation]
 36270 | Pan      | Gained mutation: You are covered in fur. (AC +1) [potion of
                  | mutation]
 36270 | Pan      | Lost mutation: You are covered in fur. (AC +1) [potion of
                  | mutation]
 36270 | Pan      | Gained mutation: Your muscles are strong. (Str +4, Int/Dex
                  | -1) [potion of mutation]
 36270 | Pan      | Gained mutation: Your movements are slightly less
                  | encumbered by armour. (ER -2) [potion of mutation]
 36271 | Pan      | Lost mutation: You have hidden genetic defects. [potion of
                  | mutation]
 36271 | Pan      | Lost mutation: Your movements are slightly less encumbered
                  | by armour. (ER -2) [potion of mutation]
 36271 | Pan      | Gained mutation: You occasionally lose the ability to drink
                  | potions when taking damage. [potion of mutation]
 36272 | Pan      | Lost mutation: Your muscles are strong. (Str +4, Int/Dex
                  | -1) [potion of mutation]
 36272 | Pan      | Lost mutation: You occasionally lose the ability to drink
                  | potions when taking damage. [potion of mutation]
 36272 | Pan      | Lost mutation: Your flesh is almost immune to the effects
                  | of heat. (rF+++) [potion of mutation]
 36272 | Pan      | Gained mutation: You have a pair of small antennae on your
                  | head. [potion of mutation]
 36272 | Pan      | Gained mutation: You have hidden genetic potential. [potion
                  | of mutation]
 36272 | Pan      | Gained mutation: Your spells are a little harder to cast,
                  | but a little more powerful. [potion of mutation]
 36272 | Pan      | Gained mutation: Your mind is acute. (Int +4, Str/Dex -1)
                  | [potion of mutation]
 36411 | Pan      | Found the +6 sword of Cerebov {flame}
 36411 | Pan      | Noticed Cerebov
 36648 | Pan      | Noticed Kokaf the pandemonium lord
 36882 | Pan      | Paralysed by accursed screaming for 2 turns
 37197 | Pan      | Found the +6 sword of Cerebov {flame}
 37197 | Pan      | Noticed Cerebov
 37254 | Pan      | Noticed Lom Lobon
 37326 | Pan      | Noticed Liwoan the pandemonium lord
 37333 | Pan      | Killed Liwoan the pandemonium lord
 37380 | Depths:2 | Escaped Pandemonium
 37478 | Zot:1    | Entered Level 1 of the Realm of Zot
 37478 | Zot:1    | You are sucked into a shaft and drop 1 floor!
 37492 | Zot:2    | Reached skill level 26 in Spellcasting
 37825 | Zot:5    | Entered Level 5 of the Realm of Zot
 37990 | Zot:5    | Gained mutation: Your muscles are strong. (Str +4, Int/Dex
                  | -1) [hidden potential]
 38037 | Zot:5    | Noticed a dread lich
 38040 | Zot:5    | Killed a dread lich
 38086 | Zot:5    | Noticed an orb of fire
 38086 | Zot:5    | Noticed a dread lich
 38086 | Zot:5    | Noticed a Killer Klown
 38086 | Zot:5    | Noticed a Killer Klown
 38094 | Zot:5    | Noticed a Killer Klown
 38102 | Zot:5    | Gained mutation: Armour fits poorly on your strangely
                  | shaped body. [an orb of fire]
 38107 | Zot:5    | Killed an orb of fire
 38109 | Zot:5    | Killed a dread lich
 38111 | Zot:5    | Killed a Killer Klown
 38112 | Zot:5    | Killed a Killer Klown
 38245 | Zot:5    | Noticed an ancient lich
 38250 | Zot:5    | Killed an ancient lich
 38251 | Zot:5    | Reached skill level 27 in Spellcasting
 38330 | Zot:5    | Got the Orb of Zot
 38341 | Zot:5    | Noticed a Killer Klown
 38386 | Zot:5    | Noticed Gadudipu the pandemonium lord
 38389 | Zot:5    | Paralysed by you for 5 turns
 38391 | Zot:5    | HP: 8/193 [Gadudipu the pandemonium lord (24)]
 38393 | Zot:5    | Elyvilon protects you from harm!
 38393 | Zot:5    | Mangled by Gadudipu the pandemonium lord

Illustrated notes

Levels and vault maps discovered:
D:1:      lemuel_arrival_room, layout_loops_ring
D:2:      layout_basic, shapermc_ecumenical_altar_mp_urbaneastern,
          corexii_corridor_pit
D:3:      minmay_roachtagon, layout_basic, small_statue_intersection,
          uniq_jessica
D:4:      kennysheep_spiral_hall, layout_loops_ring,
          mainiacjoe_overflow_alcove_4, minmay_temple_entry_ruins, serial_shops,
          nicolae_shop_behind_doors
D:5:      layout_loops_ring, xom_butterflies, uniq_prince_ribbit1, uniq_menkaure
D:6:      layout_gridville, nicolae_overflow_hallway_of_the_gods, minivault_27,
          dreamdust_wishing_well, hangedman_decor_lopped,
          hangedman_decor_growths
D:7:      layout_loops_ring, minivault_22
D:8:      statuecave_lemuel, layout_loops_corners,
          grunt_temple_overflow_order_and_chaos_2
D:9:      layout_irregular_city, orc_david_3, serial_shops, shop, uniq_psyche
D:10:     layout_roguey [special_room_kobold], nicolae_dithmenos_shadow_blocks,
          grunt_lair_entry_orc_guard_hut
D:11:     layout_rooms, serial_undead, serial_undead_b, serial_undead_f,
          serial_undead_c, serial_undead_a, nicolae_wooded_promenade,
          uniq_erica, uniq_fannar, uniq_gastronok
D:12:     nzn_motion_control, layout_rooms, serial_shops,
          nicolae_inconvenience_store
D:13:     layout_basic, david_vaults_4, serial_ice, serial_ice_i, serial_ice_m,
          serial_ice_d, serial_ice_o, serial_ice_a, serial_ice_h,
          portal_ice_cave_entry_ice_simulacra, tgw_sif
D:14:     layout_basic, bh_hangedman_babel_library
D:15:     gammafunk_depths_entry_grave, layout_cave_pods, serial_shops, shop,
          uniq_louise, uniq_jorgrun
Temple:   minmay_freezing_vapour_temple
Lair:1:   layout_cave_shapes, st_stairs_8, cheibrodos_lair_caveside_slide
Lair:2:   layout_misc_corridors, spider_nest_entry_a
Lair:3:   layout_regular_city, minmay_swamp_entry_swarm
Lair:4:   layout_gridlike, lemuel_fruit_fields, grunt_megastairs_4,
          serial_bayou_shore_a
Lair:5:   hellmonk_lair_end_abyssal_woods, layout_cave_pods,
          nicolae_slime_entry_slimehenge, enter_volcano_2,
          hangedman_lair_generics_rect, lemuel_fruit_tree
Swamp:1:  layout_falls_marsh, evilmike_swamp_ruin_house_1, swamp_pool1,
          grunt_hermit_hut, uniq_frances
Swamp:2:  layout_basic_swamp, evilmike_swamp_ruin_house_6
Swamp:3:  layout_basic_swamp, infiniplex_staircase_pool
Swamp:4:  swamp_basic_johnstein, layout_basic_swamp, swamp_pool4
Spider:1: layout_spider_delve, spiders_nest_spider_trap
Spider:2: layout_spider_delve, nicolae_spider_moth_buddies
Spider:3: layout_spider_delve
Spider:4: grunt_spider_rune_circles, nicolae_spider_shape, uniq_agnes,
          uniq_mlioglotl, uniq_aizul
Slime:1:  layout_caves
Slime:2:  cheibrodos_slime_lost_civilization_10, layout_caves
Slime:3:  layout_caves
Slime:4:  layout_caves
Slime:5
Orc:1:    layout_caves, nicolae_orc_lost_temple, uniq_josephine
Orc:2:    kennysheep_orc_mage_school, layout_diamond_mine,
          gauntlet_entry_generic
Elf:1:    layout_loops_cross, basic_altar, special_room [special_room_orc],
          gammafunk_ghost_berserking_beasts, minivault_28,
          amcnicky_mini_corridor_feature, minmay_misc_feat_five,
          nicolae_shop_i_like_big_books
Elf:2:    nicolae_elf_blades_crystal_corner, layout_gridlike, uniq_asterion
Elf:3:    minmay_elf_hall_four_x, layout_gridlike
Vaults:1: ploomutoo_gammafunk_ghost_potion_laboratory, v_rooms_4, st_check,
          vaults_mumra_chevron, v_pattern_5, vaults_standard_mumra_x,
          v_alt_pattern_3, vaults_room_stairs_pillars,
          nicolae_vaults_twisting_passages, nicolae_vaults_three_branches,
          nicolae_vaults_little_squares_2, vaults_dpeg_ring,
          layout_vaults_omnicross, uniq_donald
Vaults:2: vaults_dpeg_cross, nicolae_vaults_network_barrier, v_misc_31,
          v_misc_12, hangedman_vaults_slither, v_misc_16, v_rooms_5,
          nicolae_vaults_little_ls, nicolae_vaults_mini_display_case,
          vaults_room_pools, vaults_dpeg_encased_lava,
          layout_vaults_chaotic_city, serial_shops,
          nicolae_shop_bloodbath_and_beyond, uniq_frederick
Vaults:3: hangedman_vaults_nails, minmay_crypt_entry_vampire_xt,
          hangedman_vaults_maws, v_misc_10, vaults_room_corners,
          nicolae_vaults_what_the_h, vaults_room_fancy_cross,
          grunt_vaults_funnel, layout_vaults_omnigrid, serial_shops,
          bzr_entry_water
Vaults:4: v_misc_1, v_alt_pattern_1, vaults_room_semicircle,
          dpeg_vaults_monster_box, ontoclasm_vaults_fault, ontoclasm_vaults_eye,
          nicolae_vaults_network_quincunx
          [nicolae_vaults_network_quincunx_subvault,
          nicolae_vaults_network_quincunx_subvault,
          nicolae_vaults_network_quincunx_subvault,
          nicolae_vaults_network_quincunx_subvault,
          nicolae_vaults_network_quincunx_subvault],
          vaults_standard_mumra_enter_the_diamond, nicolae_vaults_shelves_hall,
          nicolae_vaults_quadrants, ontoclasm_vaults_gateway,
          ontoclasm_vaults_tryst, vaults_room_grid, v_misc_29,
          grunt_vaults_focal, vaults_room_door_ring, layout_vaults_maze_bifur,
          uniq_mennas
Vaults:5: serial_shops, uniq_boris
Depths:1: layout_gridlike, enter_ziggurat_c, lightli_too_deep,
          nicolae_uskayaw_suspiria, corexii_leaking_fountain,
          nicolae_ashenzari_panopticon, minmay_shoptagon
Depths:2: minmay_eyes, layout_basic, grunt_pan_entry_zigzag,
          pf_vacation_house_of_asmodeus, fedhas_altar_4,
          okawaru_altar_gauntlet_db
Depths:3: kennysheep_big_flooded_room, layout_basic, kennysheep_crisscross,
          abyss_entry_small_statue_room, hell_entry, uniq_mara, uniq_margery
Depths:4: grunt_twist_and_shout, layout_gridville, rand_demon_pan_entry_8,
          hell_entry, serial_shops, nicolae_shop_trees, enter_trove_5,
          nicolae_lava_and_water
Zot:1:    layout_cathedral_of_symmetry
Zot:2:    layout_onion_interference, grunt_ministairs_14
Zot:3:    layout_gridlike
Zot:4:    layout_concentric_octagons
Zot:5:    layout_misc_corridors, st_stairs_14

Skill      XL: |  1  2  3  4  5  6  7  8  9 10 11 12 13 14 15 16 17 18 19 20 21 22 23 24 25 26 27 |
---------------+----------------------------------------------------------------------------------+-----
Fighting       | 1 2 3 4 5 6 7 8 9 10 11 12 15 16 | 16.0
Spellcasting   | 4 5 6 8 9 10 11 13 15 16 17 19 20 21 23 27 | 27.0
Dodging        | 3 4 5 6 8 9 10 16 18 20 | 20.0
Armour         | 2 3 4 6 7 8 10 11 14 15 16 | 16.0
Invocations    | 4 5 6 7 8 9 11 12 | 12.0
Evocations     | 3 4 5 |  5.0
Shields        | 6 7 8 10 11 14 15 16 | 16.0
Stealth        | |  1.5

Action                   |  1- 3 |  4- 6 |  7- 9 | 10-12 | 13-15 | 16-18 | 19-21 | 22-24 | 25-27 || total
-------------------------+-------+-------+-------+-------+-------+-------+-------+-------+-------++-------
Melee: Dagger            |    38 |     3 |       |       |       |       |       |       |       ||    41
       Punch             |     1 |       |       |       |       |       |       |       |       ||     1
       Staff             |       |    12 |     1 |       |       |       |       |    22 |    49 ||    84
       Rapier            |       |       |    56 |       |       |       |       |       |       ||    56
       Arbalest          |       |       |     5 |       |       |       |       |       |       ||     5
       Morningstar       |       |       |     9 |    65 |   403 |   183 |   164 |   191 |       ||  1015
       Flail             |       |       |     4 |       |       |       |       |       |       ||     4
 Fire: Arbalest          |       |       |    14 |       |       |       |       |       |       ||    14
Throw: Dart              |       |       |       |     1 |     7 |     1 |       |       |     3 ||    12
       Throwing net      |       |       |       |       |       |       |       |     1 |     1 ||     2
 Cast: Freeze            |    44 |    34 |    56 |    42 |     2 |     1 |       |       |     2 ||   181
       Static Discharge  |       |    18 |    40 |    44 |    50 |    93 |    18 |    76 |    37 ||   376
       Frozen Ramparts   |       |       |    16 |    39 |    61 |     8 |    11 |    30 |    30 ||   195
       Ozocubu's Armour  |       |       |     6 |    16 |    24 |     1 |       |       |       ||    47
       Hailstorm         |       |       |       |    15 |    17 |       |     6 |    33 |    25 ||    96
       Summon Mana Viper |       |       |       |       |    82 |    50 |   116 |    79 |    62 ||   389
       Statue Form       |       |       |       |       |    13 |    27 |    23 |    36 |    72 ||   171
       Summon Cactus Gia |       |       |       |       |       |    29 |    90 |    60 |    52 ||   231
       Summon Hydra      |       |       |       |       |       |       |    77 |    60 |    57 ||   194
       Lehudib's Crystal |       |       |       |       |       |       |       |   117 |   545 ||   662
       Discord           |       |       |       |       |       |       |       |     5 |    21 ||    26
       Polar Vortex      |       |       |       |       |       |       |       |       |    26 ||    26
Invok: Heal Self         |       |       |       |     5 |    19 |    15 |    20 |    13 |    34 ||   106
 Abil: End Transformatio |       |       |       |       |     4 |    26 |    21 |    34 |    67 ||   152
Evoke: Wand              |       |       |     1 |     5 |     5 |     1 |       |       |       ||    12
  Use: Scroll            |       |       |     1 |     3 |    17 |    14 |     6 |    13 |    29 ||    83
       Potion            |       |       |     1 |       |       |     4 |     3 |    18 |    22 ||    48
 Stab: Sleeping          |     3 |       |     1 |       |     1 |       |       |       |       ||     5
       Distracted        |       |       |       |       |     4 |     6 |     6 |     4 |       ||    20
Armor: Robe              |     3 |       |       |       |       |       |       |       |       ||     3
       Leather armour    |     1 |       |       |       |       |       |       |       |       ||     1
       Ring mail         |    22 |    40 |    65 |    32 |    94 |       |       |       |       ||   253
       Steam dragon scal |       |       |       |    58 |    57 |       |       |       |       ||   115
       Skin              |       |       |       |       |   120 |   212 |   178 |   135 |   259 ||   904
       Troll leather arm |       |       |       |       |    18 |    17 |    23 |    25 |    25 ||   108
       Ice dragon scales |       |       |       |       |       |     2 |       |       |       ||     2
Dodge: Dodged            |    27 |    26 |    90 |    89 |   387 |   401 |   528 |   544 |   568 ||  2660
Block: Kite shield       |       |       |       |    47 |   540 |   602 |   773 |   816 |   892 ||  3670
       Reflection        |       |       |       |       |     7 |    33 |    14 |       |       ||    54
